AoeStats
← xxCamper_2

Nomad

505330625Analyzed
4v4 RM · 22d ago on Sep 8, 2026· 47m 22s· 8 players
Game mode
Random Map
Map size
231×231
Population
200
Speed
Normal
Resources
Standard
Victory
Conquest
Starting age
Dark Age
Ending age
Imperial Age
RankedLock teamsTeams togetherTeam positionsShared explorationLock speedFull tech treeHidden civsTurbo modeCheats
Victory
Defeat
🇸🇰 Koreans · Slovakia
1342
+10
🇺🇸 Wei · United States
1152
+18
🇬🇧 Persians · United Kingdom
1107
+41
🇺🇸 Magyars · United States
1104
+20
🇩🇪 Malay · Germany
1229
-18
🇨🇴 Wu · Colombia
1213
-18
🇫🇷 Persians · France
1166
-16
🇨🇱 Japanese · Chile
1157
-15
ArkaelS4
3:34 Loom
15:24 Feudal Age
23:10 Castle Age
21:14 Horse Collar
22:07 Fishing Lines
22:23 Double-Bit Axe
24:11 Scale Barding Armor
23:56 Man-at-Arms
24:54 Pikeman
25:15 Light Cavalry
26:44 Scale Mail Armor
27:49 Gold Mining
28:47 Chain Barding Armor
31:39 Husbandry
33:03 Gold Shaft Mining
33:53 Bloodlines
34:52 Heavy Plow
37:03 Wheelbarrow
44:11 Imperial Age
44:19 Cavalier
45:37 Plate Barding Armor
46:42 Paladin
iTzLiMa
4:39 Loom
13:51 Feudal Age
15:25 Double-Bit Axe
23:42 Castle Age
21:51 Gold Mining
24:34 Medium Warships
24:28 Fletching
25:00 Husbandry
25:12 Bloodlines
25:05 Padded Archer Armor
27:16 Bow Saw
32:30 Bodkin Arrow
35:01 Ballistics
41:26 Imperial Age
43:22 Bracer
45:06 Thumb Ring
48:14 Chemistry
djmacca2
4:57 Loom
15:23 Feudal Age
17:17 Double-Bit Axe
20:16 Castle Age
18:42 Scale Barding Armor
18:47 Forging
19:26 Gold Mining
24:01 Chain Barding Armor
26:46 Bloodlines
44:13 Imperial Age
42:20 Wheelbarrow
44:13 Iron Casting
43:55 Cavalier
xxCamper_2
5:28 Loom
14:06 Feudal Age
15:11 Double-Bit Axe
22:13 Fishing Lines
22:47 Gold Mining
26:26 Castle Age
25:19 Forging
26:01 Scale Mail Armor
27:02 Fletching
33:04 Wheelbarrow
34:27 Gambesons
37:35 Squires
37:42 Arson
38:12 Bodkin Arrow
42:46 Chain Mail Armor
44:56 Horse Collar
46:43 Ballistics
CTM | Kiara
14:00 Feudal Age
12:16 Loom
18:12 Castle Age
18:37 Double-Bit Axe
26:54 Bloodlines
26:51 Horse Collar
29:34 Town Watch
30:11 Scale Barding Armor
30:17 Forging
31:06 Wheelbarrow
31:50 Bow Saw
31:58 Heavy Plow
33:28 Chain Barding Armor
33:44 Iron Casting
34:47 Hand Cart
36:01 Town Patrol
35:58 Gold Mining
35:59 Stone Mining
37:06 Husbandry
40:47 Imperial Age
40:57 Heavy Hei Guang Cavalry
42:13 Plate Barding Armor
42:40 Blast Furnace
42:52 Fletching
47:46 Bodkin Arrow
Slayer30
15:13 Feudal Age
13:30 Loom
16:14 Double-Bit Axe
16:22 Fishing Lines
20:01 Castle Age
19:50 Town Watch
20:40 Wheelbarrow
20:42 Medium Warships
20:52 Bow Saw
21:04 Gillnets
22:56 Bloodlines
22:47 Husbandry
25:11 Fletching
25:29 Scale Barding Armor
27:47 Horse Collar
30:03 Heavy Plow
30:21 Hand Cart
30:01 Fletching
30:32 Chain Barding Armor
31:04 Forging
30:50 Bodkin Arrow
34:10 Iron Casting
36:29 Imperial Age
39:41 Plate Barding Armor
41:12 Conscription
42:39 Cavalier
BondTrustee
6:09 Loom
15:28 Feudal Age
20:00 Castle Age
18:56 Gold Mining
21:18 Wheelbarrow
21:26 Double-Bit Axe
25:02 Forging
25:40 Squires
26:11 Pikeman
28:49 Arson
30:39 Fletching
31:25 Iron Casting
33:25 Bow Saw
35:36 Horse Collar
36:23 Bodkin Arrow
Tesorito
3:44 Loom
16:27 Feudal Age
21:13 Castle Age
23:24 Town Watch
24:09 Pikeman
29:22 Fishing Lines
30:52 Wheelbarrow
32:26 Squires
38:37 Ballistics
Connection lost

Rejoining the realm…

Still unreachable

The connection could not be restored.

Session expired

The server has moved on; the page needs a fresh start.